 Dungeon Crawl Stone Soup version 0.31-a0-1074-g0b22e4e0f1 (webtiles) character file.

Game seed: 11624813259126782093

98613 grandjackal the Warrior (level 16, 0/114 (132) HPs)
             Began as a Djinni Reaver on Dec 1, 2023.
             Was an Initiate of Gozag.
             Slain by a mana viper (14 damage)
             ... led by a naga ritualist
             ... on level 1 of the Snake Pit.
             The game lasted 01:18:39 (34060 turns).

grandjackal the Warrior (Djinni Reaver)            Turns: 34060, Time: 01:18:40

HP:   0/114 (132)   AC: 18    Str: 11    XL:     16   Next: 73%
Gold: 3813          EV: 11    Int: 21    God:    Gozag SH:  5 Dex: 14

rFire   + + .        v - staff of cold
rCold   + . .        (no shield)
rNeg    . . .        l - +2 ring mail {rC+}
rPois   ∞            (no helmet)
rElec   .            R - +2 cloak {Stlth+}
rCorr   .            (no gloves)
SInv    .            (boots unavailable)
Will    +....        g - amulet of reflection
Stlth   ++           f - +4 ring of protection
HPRegen 0.39/turn    z - +4 ring of protection
MPRegen 0.00/turn

%: reflection, infuse magic (-1 HP)
@: flying, constricted, studying 2 skills, heavily drained
A: sickness immunity, fire resistance 2, cold vulnerability 1, float, innate
caster, HP casting, extra vitality 1
a: Renounce Religion, Potion Petition, Call Merchant, Bribe Branch


You were on level 1 of the Snake Pit.
You worshipped Gozag.
Gozag was most pleased with you.
You visited 6 branches of the dungeon, and saw 26 of its levels.
You visited 1 bazaar.
You also visited: Sewer, Gauntlet and Ice Cave.

You collected 6749 gold pieces.
You spent 2861 gold pieces at shops.
You paid 75 gold pieces to Gozag.

Inventory:

Hand Weapons
 a - a +1 spear
Missiles
 D - 4 curare-tipped darts
Armour
 l - a +2 ring mail of cold resistance (worn)
 R - a +2 cloak of stealth (worn)
Magical Staves
 o - a staff of fire
 v - a staff of cold (weapon)
 P - a staff of conjuration
Jewellery
 b - the ring "Kecekod" {rF+ rN+}
   (You bought it in a shop on level 2 of the Orcish Mines)

   [ring of positive energy]

   rF+:       It protects you from fire.
   rN+:       It protects you from negative energy.
 f - a +4 ring of protection (left hand)
 g - an amulet of reflection (around neck)
 z - a +4 ring of protection (right hand)
 U - the ring of Ezoper {Fire Fly rN+++ Will-}
   (You found it in a Gauntlet)

   [ring of fire]

   Fire:      It enhances your fire magic.
   rF+:       It protects you from fire.
   rC-:       It makes you vulnerable to cold.
   rN+++:     It renders you almost immune to negative energy.
   Will-:     It decreases your willpower.
   Fly:       It grants you flight.
Wands
 e - a wand of roots (14)
 q - a wand of mindburst (14)
 s - a wand of light (26)
 u - a wand of flame (49)
 G - a wand of digging (12)
 N - a wand of paralysis (8)
Scrolls
 c - 8 scrolls of fog
 i - 4 scrolls of enchant weapon
 j - 4 scrolls of enchant armour
 m - 3 scrolls of revelation
 p - 2 scrolls of summoning {unknown}
 t - a scroll of acquirement {unknown}
 w - 8 scrolls of vulnerability
 y - 2 scrolls of poison
 H - 8 scrolls of teleportation
 I - a scroll of silence {unknown}
 K - a scroll of torment {unknown}
 M - a scroll of immolation
Potions
 d - 3 potions of lignification
 h - 7 potions of might
 n - 4 potions of berserk rage
 r - 13 potions of curing
 x - 6 potions of attraction
 A - 3 potions of brilliance
 B - 2 potions of resistance
 C - 3 potions of haste
 E - 4 potions of cancellation
 F - 2 potions of enlightenment
 L - 3 potions of ambrosia
 Q - 2 potions of mutation
 T - a potion of invisibility
Miscellaneous
 J - a phantom mirror
 S - a phial of floods


   Skills:
 + Level 17.7 Fighting
 - Level 2.4(6.2) Polearms
 - Level 9.8(10.0) Staves
 - Level 10.0 Dodging
 + Level 10.1 Spellcasting
 + Level 10.1 Conjurations
 + Level 10.1 Hexes
   Level 0.0 Charms
 + Level 10.1 Summonings
 + Level 10.1 Necromancy
 + Level 10.1 Translocations
 + Level 10.1 Transmutations
 + Level 10.1 Fire Magic
 + Level 10.1 Ice Magic
 + Level 10.1 Air Magic
 + Level 13.0 Earth Magic
 + Level 10.1 Poison Magic
 + Level 15.7 Evocations


You knew the following spells:

 Your Spells              Type           Power      Damage    Failure   Level
a - Kiss of Death         Conj/Necr      100%       2d13      1%          1
b - Momentum Strike       Conj/Tloc      100%       3d10      1%          2
c - Hailstorm             Conj/Ice       68%        3d14      1%          3
d - Magic Dart            Conj           100%       1d8       1%          1
e - Passwall              Tmut/Erth      46%        N/A       1%          2
f - Teleport Other        Tloc           52%        N/A       1%          3
g - Passage of Golubria   Tloc           52%        N/A       2%          4
h - Alistair's Intoxicat  Tmut/Pois      34%        N/A       7%          5
i - Silence               Hex/Air        26%        N/A       7%          5
j - Conjure Ball Lightni  Conj/Air       26%        3x3d7     36%         6
Your spell library was empty.

Dungeon Overview and Level Annotations

Branches:
Dungeon (15/15)            Temple (1/1) D:7            Lair (5/5) D:11
  Swamp (1/4) Lair:3        Snake (2/4) Lair:2        Slime (0/5) Lair:4
    Orc (2/2) D:11            Elf (0/3) Orc:2        Vaults (0/5) D:14
 Depths (0/4) D:15          Sewer (visited)           IceCv (visited)
Gauntlet (visited)

Altars:
Ashenzari
Cheibriados
Dithmenos
Elyvilon
Fedhas
Gozag
Hepliaklqana
Makhleb
Nemelex Xobeh
Okawaru
Qazlal
Ru
Trog
Uskayaw
Wu Jian
Xom
Yredelemnul
Zin
The Shining One
Jiyva
Lugonu

Shops:
D:9 (   Orc:2 :**!=(   Snake:1 (?(*

Portals:
Abyss: Lair:5

Annotations:
D:9 Amaemon
D:10 2 runed translucent doors, Darkkill's ghost, journeyman MiHu
Snake:1 1 runed translucent door, Rififam's ghost, adept GrFi
Snake:2 Vashnia


Innate Abilities, Weirdness & Mutations

You are immune to sickness and miasma.
You are immune to poison.
Your flesh is very heat resistant. (rF++)
You are vulnerable to cold. (rC-)
You float through the air rather than walking.
You learn spells naturally, not from books.
Your magical power is your life essence.
You have superior vitality. (+4 MHP)


Message History

* * * LOW HITPOINT WARNING * * *
The naga warrior constricts you.
* * * LOW HITPOINT WARNING * * *
Okay, then.
Blink to where?
Press: ? - help, Dir - move target The naga warrior's grasp on you weakens, but your attempt to escape fails.
As you read the scroll of blinking, it crumbles to dust.
The black mamba barely misses you. The mana viper closely misses you.
The black mamba bites you but does no damage.
The naga warrior hits you with a +0 scimitar.
* * * LOW HITPOINT WARNING * * *
The naga warrior constricts you.
Unknown command.
Okay, then.
You feel better.
The black mamba bites you but does no damage.
The mana viper bites you but does no damage.
You block the black mamba's attack. The mana viper barely misses you.
The naga warrior spits poison at you.
The splash of poison hits you but does no damage.
You resist. The naga warrior constricts you.
* * * LOW HITPOINT WARNING * * *
Unknown command.
Casting: Hailstorm (safe; 1% risk of failure)
Confirm with . or Enter, or press ? or * to list all spells.
Okay, then.
Casting: Hailstorm (safe; 1% risk of failure)
Confirm with . or Enter, or press ? or * to list all spells.
Aiming: Kiss of Death (safe; 1% risk of failure)
Press: ? - help, Shift-Dir - straight line, f - naga warrior
Aim: a naga warrior, wielding a +0 scimitar and wearing a +1 kite shield of fire resistance (severely wounded, constricting you, poisoned, catching its breath, 100% to hit)
The negative energy hits the naga warrior!
The naga warrior is drained!
The naga warrior is almost dead.
You feel drained.
* * * LOW HITPOINT WARNING * * *
The black mamba closely misses you. The mana viper bites you!
You die...
Your body crumbles into a pile of gold.

#..## ##.........#.#.....#
###..####............#.....#
######......................#####
.......##..................## #
########....#..##..........## #
#####.#.##.###...........# # #
##.....#.##.# #.........#.# # #
#..#####.##.####.......##.# #
###.######.....N@S........#.#####
..............###S...............
.......###..### #................
######......).###................
####...#..##................
#.#.##...........##.#####
#.#.######......###.### #.#.#
#.........^..# #.#.#
#####........#


You could see a naga warrior (poisoned, catching breath, drained), a mana viper
and a black mamba.

Vanquished Creatures
  A fire giant (D:15)
  An ironbound preserver (D:14)
  Azrael (D:13)
  Snorg (Lair:5)
  Josephine (Lair:3)
  A fire dragon (D:13)
  2 hydras
  An alligator (Lair:3)
  An anaconda (Snake:1)
  An ogre mage (D:15)
  2 catoblepae
  5 centaur warriors
  8 two-headed ogres
  2 death yaks (Lair:4)
  5 naga warriors
  A tengu warrior (D:14)
  2 thrashing horrors (Lair:5)
  3 orc high priests (Orc:2)
  3 naga sharpshooters (Snake:2)
  4 shock serpents
  A skeletal warrior (D:15)
  A death drake (Lair:3)
  A glowing orange brain (D:14)
  2 salamander mystics (Snake:1)
  A goliath frog (shapeshifter) (Lair:5)
  3 large abominations (Lair:5)
  2 naga ritualists (Snake:1)
  4 orc knights (Orc:2)
  Pikel (D:5)
  4 mana vipers
  4 orc sorcerers (Orc:2)
  A shining eye (Lair:3)
  2 deep elf pyromancers
  6 ugly things (D:15)
  3 cyclopes
  A moth of wrath (Gauntlet)
  19 elephants
  2 salamanders
  2 manticores
  2 torpor snails
  4 naga magi
  Joseph (D:10)
  A smoke demon (Lair:5)
  17 black mambas
  An orange demon (D:9)
  Maggie (D:8)
  Jeremiah (D:8)
  5 gargoyles
  10 cane toads
  A rime drake (Lair:5)
  Psyche (D:8)
  2 komodo dragons
  A tengu conjurer (D:15)
  7 trolls
  2 polar bears
  Grinder (D:3)
  A troll (shapeshifter) (Lair:5)
  16 blink frogs
  A raiju (Lair:5)
  4 dream sheep (Lair:2)
  4 slime creatures (D:12)
  A spriggan (Lair:5)
  7 wraiths
  Sigmund (D:3)
  4 shadows
  2 vampires (D:13)
  A ynoxinul (Lair:5)
  5 fire elementals
  2 wyverns
  9 basilisks
  4 chaos spawn (Lair:5)
  28 yaks
  3 vampire mosquitoes (D:15)
  A warg (Orc:1)
  A death yak simulacrum (IceCv)
  A steam dragon (D:10)
  2 hell hounds (D:13)
  16 nagas
  11 small abominations (Lair:5)
  12 water moccasins
  2 sky beasts
  15 orc warriors
  4 ice beasts
  3 black bears
  11 ogres
  24 wolves
  11 centaurs
  A lemure (D:4)
  11 kobold brigands
  15 bullfrogs
  2 gnoll sergeants
  A cane toad simulacrum (IceCv)
  3 scorpions
  8 wights
  5 killer bees (D:8)
  5 electric eels
  9 howler monkeys
  2 jellies
  3 gnoll boudas
  14 orc priests
  5 hounds
  4 iguanas
  A sleepcap (D:4)
  Ijyb (D:3)
  15 orc wizards
  A polar bear simulacrum (IceCv)
  6 hell rats
  2 wolf simulacra (IceCv)
  13 adders
  24 gnolls
  3 river rats (Sewer)
  A shadow imp (Gauntlet)
  3 white imps
  6 worms
  3 dart slugs
  55 orcs
  7 ball pythons
  13 endoplasms
  9 giant cockroaches
  6 goblins
  3 hobgoblins
  9 quokkas
  A ball python skeleton (D:3)
  A ball python zombie (D:3)
  5 bats
  A frilled lizard (D:1)
  A giant cockroach zombie (D:3)
  25 kobolds
  2 rats
676 creatures vanquished.

Vanquished Creatures (collateral kills)
  A minotaur (Gauntlet)
  A thrashing horror (Lair:5)
2 creatures vanquished.

Vanquished Creatures (others)
  An arcanist (D:4)
  13 ball lightnings
14 creatures vanquished.

Grand Total: 692 creatures vanquished

Notes
Turn   | Place    | Note
-------+----------+-------------------------------------------
     0 | D:1      | grandjackal the Djinni Reaver began the quest for the Orb.
     0 | D:1      | grandjackal set off with the following spells memorised:
                  | Kiss of Death, Momentum Strike, Hailstorm.
     0 | D:1      | Reached XP level 1. HP: 18/18 MP: 0/0
   132 | D:1      | Reached XP level 2. HP: 15/23 MP: 0/0
   977 | D:2      | Reached XP level 3. HP: 29/29 MP: 0/0
   977 | D:2      | Learned a level 1 spell: Magic Dart
  1171 | D:2      | Reached XP level 4. HP: 33/34 MP: 0/0
  1435 | D:2      | Reached skill level 3 in Fighting
  1488 | D:2      | Reached XP level 5. HP: 27/40 MP: 0/0
  1488 | D:2      | Learned a level 2 spell: Passwall
  1953 | D:3      | Noticed a centaur
  1958 | D:3      | Killed a centaur
  1959 | D:3      | Reached XP level 6. HP: 44/46 MP: 0/0
  2056 | D:3      | Found a faded altar of an unknown god.
  2121 | D:3      | Noticed Ijyb
  2134 | D:3      | Killed Ijyb
  2314 | D:3      | Reached skill level 4 in Fighting
  2321 | D:3      | Noticed Sigmund
  2459 | D:3      | Killed Sigmund
  2460 | D:3      | Reached skill level 5 in Spellcasting
  2460 | D:3      | Reached skill level 5 in Conjurations
  2460 | D:3      | Reached skill level 5 in Hexes
  2460 | D:3      | Reached skill level 5 in Summonings
  2460 | D:3      | Reached skill level 5 in Necromancy
  2460 | D:3      | Reached skill level 5 in Translocations
  2460 | D:3      | Reached skill level 5 in Transmutations
  2460 | D:3      | Reached skill level 5 in Fire Magic
  2460 | D:3      | Reached skill level 5 in Ice Magic
  2460 | D:3      | Reached skill level 5 in Air Magic
  2460 | D:3      | Reached skill level 5 in Earth Magic
  2460 | D:3      | Reached skill level 5 in Poison Magic
  2460 | D:3      | Reached XP level 7. HP: 45/53 MP: 0/0
  2460 | D:3      | Learned a level 3 spell: Teleport Other
  2551 | D:3      | Found a shimmering altar of Xom.
  2742 | D:3      | Noticed Grinder
  2756 | D:3      | Killed Grinder
  2757 | D:3      | Reached skill level 5 in Fighting
  3203 | D:4      | Reached XP level 8. HP: 52/59 MP: 0/0
  3449 | D:4      | Found a stormy altar of Qazlal.
  3472 | D:4      | Found a bloodstained altar of Trog.
  3473 | D:4      | Noticed an arcanist
  3478 | D:4      | Killed an arcanist
  3902 | D:5      | Entered Level 5 of the Dungeon
  3923 | D:5      | Reached skill level 6 in Fighting
  4013 | D:5      | Reached skill level 1 in Staves
  4297 | D:5      | Noticed Pikel
  4312 | D:5      | Killed Pikel
  4313 | D:5      | Reached XP level 9. HP: 54/67 MP: 0/0
  4313 | D:5      | Learned a level 4 spell: Passage of Golubria
  4489 | D:5      | Reached skill level 5 in Evocations
  4498 | D:5      | Reached skill level 7 in Fighting
  5148 | D:6      | Found a glowing drain.
  5181 | Sewer    | Entered a sewer
  6040 | D:6      | Reached skill level 8 in Fighting
  6515 | D:7      | Reached skill level 5 in Staves
  6515 | D:7      | Reached XP level 10. HP: 46/76 MP: 0/0
  6722 | D:7      | Found a staircase to the Ecumenical Temple.
  6731 | Temple   | Entered the Ecumenical Temple
  6780 | Temple   | Became a worshipper of Gozag Ym Sagoz the Greedy
  7188 | D:7      | Reached skill level 9 in Fighting
  7875 | D:8      | Noticed Jeremiah
  7878 | D:8      | Killed Jeremiah
  8016 | D:8      | Noticed Maggie
  8021 | D:8      | Noticed Psyche
  8035 | D:8      | Killed Maggie
  8059 | D:8      | HP: 5/115 [something (8)]
  8065 | D:8      | Killed Psyche
  8596 | D:8      | Reached XP level 11. HP: 68/85 MP: 0/0
  8596 | D:8      | Learned a level 5 spell: Alistair's Intoxication
  8955 | D:9      | Noticed Amaemon
  9152 | D:9      | Reached skill level 10 in Fighting
 10168 | D:9      | Found Dipus's Weapon Shoppe.
 10310 | D:10     | Entered Level 10 of the Dungeon
 10426 | D:10     | Found a large runed translucent door.
 10427 | D:10     | Found a large runed translucent door.
 10429 | D:10     | Noticed Darkkill's ghost (journeyman MiHu)
 11213 | D:10     | Noticed Joseph
 11236 | D:10     | Killed Joseph
 11624 | D:11     | Identified the +1 hand axe of the Crawling Thing {heavy,
                  | Int+2}
 11686 | D:11     | Reached skill level 11 in Fighting
 12044 | D:11     | Found a staircase to the Lair.
 12301 | D:11     | Noticed a two-headed ogre
 12309 | D:11     | Killed a two-headed ogre
 12310 | D:11     | Reached XP level 12. HP: 81/94 MP: 0/0
 12352 | D:11     | Identified the +1 leather armour "Jiel" {rCorr}
 12360 | D:11     | Found a staircase to the Orcish Mines.
 12783 | D:12     | Found a flickering gateway to a bazaar.
 12792 | Bazaar   | Entered a bazaar
 12799 | Bazaar   | Found Tighecrep's Book Shop.
 12799 | Bazaar   | Found Reoj's Antique Weapon Shoppe.
 12805 | Bazaar   | Found Reohog's Magic Scroll Boutique.
 12815 | Bazaar   | Bought a scroll of poison for 32 gold pieces
 12815 | Bazaar   | Bought a scroll of fog for 32 gold pieces
 12815 | Bazaar   | Bought a scroll of fog for 32 gold pieces
 12815 | Bazaar   | Bought a scroll of immolation for 32 gold pieces
 12815 | Bazaar   | Bought a scroll of identify for 16 gold pieces
 12815 | Bazaar   | Bought a scroll of teleportation for 24 gold pieces
 12817 | Bazaar   | Found Begatuont's Book Emporium.
 13142 | D:12     | Found a blossoming altar of Fedhas.
 13776 | D:12     | Noticed a two-headed ogre
 13791 | D:12     | Killed a two-headed ogre
 14099 | Orc:1    | Entered Level 1 of the Orcish Mines
 14443 | Lair:1   | Entered Level 1 of the Lair of Beasts
 14493 | Lair:1   | Reached skill level 12 in Fighting
 14744 | Lair:1   | Found a frozen archway.
 14753 | IceCv    | Entered an ice cave
 15182 | Lair:1   | Identified the +3 leather armour of Risuy {rPois rN+ Regen+
                  | Slay-3}
 15844 | Lair:2   | Found a gate leading to a gauntlet.
 15853 | Gauntlet | Entered a Gauntlet
 15853 | Gauntlet | Found a transporter.
 15853 | Gauntlet | Found a transporter.
 15854 | Gauntlet | Found a transporter.
 15856 | Gauntlet | Found a transporter.
 15858 | Gauntlet | Found a transporter.
 15858 | Gauntlet | Found a transporter.
 15862 | Gauntlet | Found a runed translucent door.
 15862 | Gauntlet | Noticed a soul eater
 15864 | Gauntlet | Found a runed translucent door.
 15867 | Gauntlet | Found a transporter.
 15867 | Gauntlet | Found a transporter.
 15868 | Gauntlet | Found a transporter.
 15870 | Gauntlet | Found a transporter.
 15870 | Gauntlet | Noticed a death scarab
 15876 | Gauntlet | Noticed a wretched star
 15896 | Gauntlet | Found a transporter.
 15999 | Gauntlet | Found a transporter.
 16043 | Gauntlet | Reached XP level 13. HP: 69/83 MP: 0/0
 16043 | Gauntlet | Learned a level 5 spell: Silence
 16235 | Gauntlet | Identified the ring of Ezoper {Fire Fly rN+++ Will-}
 16403 | Gauntlet | Noticed a minotaur
 16408 | Gauntlet | Killed a minotaur
 16641 | Lair:2   | Found a staircase to the Snake Pit.
 16650 | Lair:2   | Noticed a seven-headed hydra
 16660 | Lair:2   | Killed a seven-headed hydra
 17146 | Lair:2   | Reached skill level 13 in Fighting
 17481 | Lair:2   | Reached skill level 10 in Earth Magic
 17929 | Lair:2   | Found an iron altar of Okawaru.
 18252 | Lair:3   | Found a staircase to the Swamp.
 18960 | Lair:3   | Reached skill level 10 in Evocations
 19281 | Lair:4   | Noticed Josephine
 19311 | Lair:3   | HP: 2/103 [black mamba (5)]
 19836 | Lair:3   | Killed Josephine
 19977 | Lair:4   | Reached XP level 14. HP: 39/111 MP: 0/0
 20217 | Lair:4   | Found a viscous altar of Jiyva.
 20217 | Lair:4   | Found a staircase to the Slime Pits.
 20266 | Lair:4   | Reached skill level 14 in Fighting
 20304 | Lair:4   | Reached skill level 5 in Dodging
 21799 | Lair:5   | Entered Level 5 of the Lair of Beasts
 22983 | Lair:5   | Noticed Snorg
 22999 | Lair:5   | Killed Snorg
 23849 | Lair:5   | Reached skill level 15 in Fighting
 24644 | Lair:5   | Reached XP level 15. HP: 94/112 MP: 0/0
 24644 | Lair:5   | Learned a level 6 spell: Conjure Ball Lightning
 24702 | Lair:5   | Found a corrupted altar of Lugonu.
 24702 | Lair:5   | Found a one-way gate to the infinite horrors of the Abyss.
 25244 | Orc:2    | Entered Level 2 of the Orcish Mines
 25244 | Orc:2    | Found a staircase to the Elven Halls.
 25507 | Orc:2    | Found Zoohec's Weapon Emporium.
 25507 | Orc:2    | Found Ydofryj's General Store.
 25515 | Orc:2    | Found Evariumn's Jewellery Boutique.
 25515 | Orc:2    | Found Mussebo's Distillery.
 25596 | Orc:2    | Bought the ring "Kecekod" {rF+ rN+} for 510 gold pieces
 25609 | Orc:2    | Bought a scroll of teleportation for 36 gold pieces
 25609 | Orc:2    | Bought a scroll of blinking for 90 gold pieces
 25611 | Orc:2    | Bought a potion of curing for 45 gold pieces
 25611 | Orc:2    | Bought a potion of curing for 45 gold pieces
 25611 | Orc:2    | Bought 2 potions of curing for 90 gold pieces
 25611 | Orc:2    | Bought a potion of curing for 45 gold pieces
 25611 | Orc:2    | Bought a potion of curing for 45 gold pieces
 25611 | Orc:2    | Bought a potion of might for 60 gold pieces
 25611 | Orc:2    | Bought a potion of might for 60 gold pieces
 25611 | Orc:2    | Bought a potion of might for 60 gold pieces
 25693 | Orc:2    | Reached skill level 10 in Spellcasting
 25693 | Orc:2    | Reached skill level 10 in Conjurations
 25693 | Orc:2    | Reached skill level 10 in Hexes
 25693 | Orc:2    | Reached skill level 10 in Summonings
 25693 | Orc:2    | Reached skill level 10 in Necromancy
 25693 | Orc:2    | Reached skill level 10 in Translocations
 25693 | Orc:2    | Reached skill level 10 in Transmutations
 25693 | Orc:2    | Reached skill level 10 in Fire Magic
 25693 | Orc:2    | Reached skill level 10 in Ice Magic
 25693 | Orc:2    | Reached skill level 10 in Air Magic
 25693 | Orc:2    | Reached skill level 10 in Poison Magic
 25909 | Orc:2    | Found Fualeara's Vocational Training.
 25912 | Orc:2    | Found Tanaov's General Store.
 25917 | Orc:2    | Bought a manual of Evocations for 1040 gold pieces
 25961 | Orc:2    | Bought a wand of mindburst (8) for 168 gold pieces
 26109 | D:13     | Noticed Azrael
 26524 | D:13     | Killed Azrael
 27098 | D:13     | Identified the +1 robe of the Will of the Gods {Str-2 Dex+3
                  | SInv}
 27180 | D:13     | Reached skill level 10 in Dodging
 27624 | D:14     | Reached skill level 16 in Fighting
 27912 | D:14     | Found a gate to the Vaults.
 27914 | D:14     | Noticed an ironbound preserver
 27938 | D:14     | Killed an ironbound preserver
 28506 | D:15     | Entered Level 15 of the Dungeon
 29242 | D:15     | Found a staircase to the Depths.
 29246 | D:15     | Noticed a fire giant
 29251 | D:15     | Killed a fire giant
 29419 | D:15     | Reached XP level 16. HP: 75/129 MP: 0/0
 30331 | Swamp:1  | Entered Level 1 of the Swamp
 30530 | Snake:1  | Entered Level 1 of the Snake Pit
 30663 | Snake:1  | Found Ryjaop's Antique Weapon Emporium.
 30663 | Snake:1  | Found Xunan's Magic Scroll Shoppe.
 30665 | Snake:1  | Found Otagyippee's Weapon Shoppe.
 30667 | Snake:1  | Found Uruamysufe's General Store.
 30884 | Snake:1  | Bought a scroll of fog for 76 gold pieces
 30884 | Snake:1  | Bought a scroll of fog for 76 gold pieces
 30884 | Snake:1  | Bought a scroll of fog for 76 gold pieces
 30884 | Snake:1  | Bought 3 scrolls of teleportation for 171 gold pieces
 31042 | Snake:1  | Found a runed translucent door.
 31044 | Snake:1  | Noticed Rififam's ghost (adept GrFi)
 31059 | Snake:1  | Reached skill level 17 in Fighting
 31714 | Snake:2  | Noticed Vashnia
 32714 | Snake:1  | Reached skill level 15 in Evocations
 34060 | Snake:1  | Slain by a mana viper

Illustrated notes

Levels and vault maps discovered:
D:1:      onia_arrival_mini_spirals, layout_loops_corners
D:2:      layout_basic, minmay_pentomino_pile
D:3:      wad_pebble_path, layout_loops_ring, lemuel_tele_altar, serial_undead,
          serial_undead_a, serial_undead_e, serial_undead_f, serial_undead_e,
          hellmonk_ecumenical_altar_inner_sanctum, minmay_fountain_box,
          uniq_grinder, uniq_sigmund, uniq_ijyb
D:4:      layout_rooms, grunt_qazlal_sundering, trog_wizard
D:5:      layout_cave_pools, minmay_manual_mares, uniq_pikel
D:6:      layout_loops_ring, gup_sewer_entry_pipe
D:7:      layout_rooms, minmay_temple_entry_overgrown, roderic_roman_lattice
D:8:      layout_cave_pools, serial_park, serial_park_square2,
          serial_park_gazebo [serial_park_minivault_5x5_5], serial_park_square3
          [serial_park_minivault_5x5_6], serial_park_tiny_1, serial_park_square3
          [serial_park_minivault_5x5_2], serial_library_hellmonk_small_corner,
          minmay_checkerbox, uniq_psyche, uniq_maggie, uniq_jeremiah
D:9:      layout_roguey, serial_shops, shop, uniq_amaemon
D:10:     layout_roguey, ebering_ghost_disaster_area, minmay_misc_feat_x,
          minmay_crystal_room, uniq_joseph
D:11:     layout_long_grid, erik_lair_island,
          kennysheep_orc_monster_closet_entryway, lemuel_old_faithful
D:12:     layout_long_grid, serial_shops, bzr_firewalk,
          fedhas_bush_and_centaur_altar
D:13:     layout_layer_cave, serial_library_hellmonk_hallway_a, uniq_azrael
D:14:     layout_roguey, hellmonk_vaults_order_and_chaos,
          kiku_gazebo_pond_becter
D:15:     grunt_enter_depths_giant_problem, layout_loops_ring,
          serial_library_hellmonk_junction, drop_trap
Temple:   compressed_dpeg_triangle_lava_temple
Lair:1:   layout_cave_shapes, portal_ice_cave_entry_pillars_1,
          grunt_megastairs_4
Lair:2:   layout_gridlike, dummy_snake_entry, gauntlet_entry_generic,
          basic_altar
Lair:3:   layout_chaotic_city, swamp_mist, dreamdust_mushroom_princess
Lair:4:   layout_regular_city, slime_entry_1, lemuel_fruit_fields,
          grunt_megastairs_5, uniq_josephine
Lair:5:   hellmonk_lair_end_abyssal_woods, layout_hall_layers,
          kennysheep_basilisk_garden, uniq_snorg
Swamp:1:  layout_falls_marsh, nicolae_swamp_rocky_clearing, swamp_pool_4
Snake:1:  layout_rooms, gammafunk_ghost_grave, nicolae_snake_salamander_stairs,
          minmay_shoptagon
Snake:2:  hangedman_cross_stitches, layout_grid_shapes,
          gammafunk_ghost_necromancy, st_stairs_9,
          serial_library_hellmonk_room_a, uniq_vashnia
Orc:1:    layout_caves, serial_shops, shop
Orc:2:    st_orc_elflike, layout_caves, serial_shops, shop,
          nicolae_shop_vocational

Skill      XL: |  1  2  3  4  5  6  7  8  9 10 11 12 13 14 15 16 |
---------------+-------------------------------------------------+-----
Spellcasting   | 3 4 5 6 7 8 9 10 | 10.1
Conjurations   | 3 4 5 6 7 8 9 10 | 10.1
Hexes          | 3 4 5 6 7 8 9 10 | 10.1
Summonings     | 3 4 5 6 7 8 9 10 | 10.1
Necromancy     | 3 4 5 6 7 8 9 10 | 10.1
Translocations | 3 4 5 6 7 8 9 10 | 10.1
Transmutations | 3 4 5 6 7 8 9 10 | 10.1
Fire Magic     | 3 4 5 6 7 8 9 10 | 10.1
Ice Magic      | 3 4 5 6 7 8 9 10 | 10.1
Air Magic      | 3 4 5 6 7 8 9 10 | 10.1
Earth Magic    | 3 4 5 6 8 9 11 12 13 | 13.0
Poison Magic   | 3 4 5 6 7 8 9 10 | 10.1
Fighting       | 3 4 5 6 8 9 11 12 13 15 16 17 | 17.7
Evocations     | 2 4 5 7 8 10 13 15 | 15.7
Staves         | 2 5 6 8 9 |  9.8
Dodging        | 4 8 10 | 10.0
Polearms       | |  2.4

Action                     |  1- 3 |  4- 6 |  7- 9 | 10-12 | 13-15 | 16-18 || total
---------------------------+-------+-------+-------+-------+-------+-------++-------
  Melee: Spear             |    88 |   110 |    85 |       |       |       ||   283
         Punch             |     2 |     1 |     4 |     6 |    14 |     1 ||    28
         Staff             |       |       |   260 |   502 |   864 |   263 ||  1889
   Cast: Magic Dart        |     8 |    24 |    44 |    40 |    15 |       ||   131
         Hailstorm         |       |     7 |    54 |   171 |   191 |    59 ||   482
         Momentum Strike   |       |     3 |     8 |    27 |     4 |     2 ||    44
         Kiss of Death     |       |       |     1 |     5 |     4 |     1 ||    11
         Teleport Other    |       |       |     1 |     3 |     2 |       ||     6
         Passage of Golubr |       |       |       |     3 |     8 |       ||    11
         Alistair's Intoxi |       |       |       |     1 |       |       ||     1
         Passwall          |       |       |       |       |     3 |       ||     3
         Conjure Ball Ligh |       |       |       |       |       |     5 ||     5
  Evoke: Wand              |       |       |       |    24 |    13 |     1 ||    38
         Phantom mirror    |       |       |       |       |     3 |       ||     3
         Phial of floods   |       |       |       |       |     2 |       ||     2
    Use: Scroll            |       |       |     9 |     9 |    10 |     1 ||    29
         Potion            |       |       |       |     1 |     3 |     1 ||     5
   Stab: Sleeping          |     1 |       |       |       |     2 |       ||     3
         Distracted        |       |       |       |     1 |     3 |       ||     4
         Petrified         |       |       |       |       |     3 |       ||     3
 Armour: Leather armour    |    30 |    58 |   197 |   375 |   307 |       ||   967
         Ring mail         |       |       |       |       |   388 |   235 ||   623
  Dodge: Dodged            |    36 |    45 |   144 |   227 |   473 |   162 ||  1087
  Block: Other             |     7 |    28 |    71 |   111 |   178 |    59 ||   454
         Reflection        |       |       |     3 |     6 |     2 |    11 ||    22

Table legend: (Time is in decaauts)
 A = Elapsed time spent in this place.
 B = Non-inter-level travel time spent in this place.
 C = Inter-level travel time spent in this place.
 D = Time resting spent in this place.
 E = Time spent auto-exploring this place.
 F = Levels seen in this place.
 G = Mean time per level.
                   A        B        C        D        E       F      G
               +--------+--------+--------+--------+--------+-----+--------+
         Total |  33713 |  32282 |   1431 |  13351 |  12003 |  30 | 1123.8 |
       Dungeon |  17568 |  16881 |    687 |   6214 |   7597 |  15 | 1171.2 |
        Temple |     68 |     49 |     19 |      5 |      0 |   1 |   68.0 |
          Lair |   9599 |   9096 |    503 |   3974 |   3024 |   5 | 1919.8 |
         Swamp |      7 |      7 |      0 |      0 |      0 |   1 |    7.0 |
     Snake Pit |   3471 |   3278 |    193 |   2205 |    405 |   2 | 1735.5 |
  Orcish Mines |   1209 |   1181 |     28 |    373 |    429 |   2 |  604.5 |
        Bazaar |     39 |     39 |      0 |      0 |      0 |   1 |   39.0 |
         Sewer |    799 |    799 |      0 |      0 |    548 |   1 |  799.0 |
      Ice Cave |    174 |    174 |      0 |    109 |      0 |   1 |  174.0 |
      Gauntlet |    775 |    775 |      0 |    471 |      0 |   1 |  775.0 |
               +--------+--------+--------+--------+--------+-----+--------+

Top non-repeatable levels by time:
 Snake:1: 3000 daAuts
  Lair:5: 2565 daAuts
  Lair:4: 2232 daAuts
  Lair:3: 2001 daAuts
  Lair:2: 1645 daAuts
    D:11: 1464 daAuts
    D:12: 1451 daAuts
    D:15: 1357 daAuts
    D:10: 1337 daAuts
    D:14: 1325 daAuts
     D:7: 1312 daAuts
    D:13: 1231 daAuts
     D:9: 1201 daAuts
     D:8: 1192 daAuts
  Lair:1: 1155 daAuts
